 Dungeon Crawl Stone Soup version 0.17.0-28-g6e173f8 (webtiles) character file.

146 sugabear the Cudgeler (level 5, -3/32 HPs)
             Began as a Gargoyle Gladiator on Nov 29, 2015.
             Killed from afar by MoronicCinamun's ghost (16 damage)
             ... with a flame tongue
             ... on level 4 of the Dungeon.
             The game lasted 00:03:11 (2217 turns).

sugabear the Cudgeler (Gargoyle Gladiator)          Turns: 2217, Time: 00:03:11

Health: -3/32      AC:  8    Str: 19    XL:     5   Next: 28%
Magic:  5/5        EV: 12    Int:  8    God:
Gold:   81         SH:  0    Dex: 11    Spells: 0 memorised, 4 levels left

rFire  . . .     SeeInvis .     a - +0 flail
rCold  . . .     Clarity  .     b - +0 leather armour
rNeg   + . .     SustAt   .     (no shield)
rPois  ∞         Gourm    .     c - +0 helmet
rElec  +         Spirit   .     (no cloak)
rCorr  .         Warding  .     (no gloves)
rMut   .         Stasis   .     (no boots)
MR     .....                    (no amulet)
Stlth  +.........               (no ring)
                                u - ring of wizardry

@: not resistant to hostile enchantments, very unstealthy
A: negative energy resistance 1, electricity resistance, unbreathing,
petrification resistance, rot immunity, AC +4
a: no special abilities


You were on level 4 of the Dungeon.
You were not hungry.

You visited 1 branch of the dungeon, and saw 4 of its levels.

You collected 81 gold pieces.

Inventory:

Hand Weapons
 a - a +0 flail (weapon)
Missiles
 d - 3 throwing nets (quivered)
Armour
 b - a +0 leather armour (worn)
 c - a +0 helmet (worn)
Jewellery
 u - a ring of wizardry (left hand)
Scrolls
 h - a scroll of fog {unknown}
 i - 2 scrolls of identify {unknown}
 j - a scroll of random uselessness {unknown}
 l - a scroll of remove curse {unknown}
 m - a scroll of noise {unknown}
 q - a scroll of immolation {unknown}
 x - a scroll of enchant armour {unknown}
Potions
 k - 2 potions of cancellation {unknown}
 n - a potion of might {unknown}
 o - a potion of brilliance {unknown}
 p - 2 potions of curing {unknown}
 r - a potion of haste {unknown}
 t - a potion of agility {unknown}
 v - a potion of magic {unknown}
 z - a potion of heal wounds {unknown}
Comestibles
 e - 2 bread rations
 f - 4 fruits
 g - a beef jerky
 s - 2 chunks of flesh
 w - a meat ration


   Skills:
 + Level 2.9 Fighting
 + Level 3.9 Maces & Flails
 + Level 1.7 Throwing
 + Level 2.1 Armour
 + Level 3.5 Dodging


You had 4 spell levels left.
You didn't know any spells.

Dungeon Overview and Level Annotations

Branches:
Dungeon (4/15)
 Temple: D:4-7

Altars:
Ru
Zin

Annotations:
D:4 MoronicCinamun's ghost, amateur TeFE


Innate Abilities, Weirdness & Mutations

You are resistant to torment.
Your stone body is resilient (AC +4).
You are immune to poison.
You resist negative energy.
You are resistant to electric shocks.
You can survive without breathing.
You are immune to petrification.
You are immune to rotting.


Message History

MoronicCinamun's ghost is heavily damaged.
MoronicCinamun's ghost hits you but does no damage.
MoronicCinamun's ghost hits you.
You sock MoronicCinamun's ghost!
MoronicCinamun's ghost is severely damaged.
MoronicCinamun's ghost points at the stone staircase leading up and mumbles some strange words.
A cloud of flames roars to life!
You closely miss MoronicCinamun's ghost.
MoronicCinamun's ghost is severely damaged.
MoronicCinamun's ghost casts a spell at you.
The flame tongue misses you.
You closely miss MoronicCinamun's ghost.
MoronicCinamun's ghost is severely damaged.
MoronicCinamun's ghost hits you but does no damage.
You closely miss MoronicCinamun's ghost.
MoronicCinamun's ghost is severely damaged.
MoronicCinamun's ghost gestures at you while chanting.
The flame tongue hits you!
Ouch! That really hurt!
You die...

...####...#
..........#
#.##.####...#
#.......#.##
#.##.###.#.###
#.........##### #
#####.#.......#)#
#W###.##....# #@#
#.##.#..# #.#
#..%(# .. #§#
#..### #.##.....#
#.##..##.#
#...... ...
###...# ..>.
....# ###. ##....


You could see MoronicCinamun's ghost.

Vanquished Creatures
  Ijyb (D:3)
  A worker ant (D:4)
  5 adders
  An ooze (D:1)
  A worm (D:2)
  An orc (D:3)
  6 bats
  2 giant cockroaches
  2 goblins (D:2)
  4 hobgoblins
  6 kobolds
  2 quokkas (D:3)
  2 giant geckos
  3 giant newts
  9 rats
46 creatures vanquished.

Notes
Turn   | Place    | Note
--------------------------------------------------------------
     0 | D:1      | sugabear the Gargoyle Gladiator began the quest for the Orb.
     0 | D:1      | Reached XP level 1. HP: 12/12 MP: 1/1
    74 | D:1      | Reached XP level 2. HP: 18/18 MP: 2/2
   582 | D:2      | Found a sacrificial altar of Ru.
   680 | D:2      | Reached XP level 3. HP: 20/22 MP: 3/3
  1255 | D:3      | Found a glowing silver altar of Zin.
  1279 | D:3      | Reached XP level 4. HP: 25/27 MP: 4/4
  1359 | D:3      | Reached skill level 1 in Armour
  1753 | D:3      | Noticed Ijyb
  1767 | D:3      | Killed Ijyb
  2006 | D:4      | Noticed MoronicCinamun's ghost (amateur TeFE)
  2012 | D:4      | Reached XP level 5. HP: 26/32 MP: 5/5
  2217 | D:4      | Killed from afar by MoronicCinamun's ghost

Action                   |  1- 3 |  4- 6 || total
-------------------------+-------+-------++-------
Melee: Flail             |   118 |    78 ||   196
  Eat: Chunk             |     1 |     3 ||     4
